| TOP OF THE 1ST |
|
Chicago (NYP) White Sox batting - Pitching for Mahoning Valley Scrappers : LHP Alec Valencia
|
|
Pitching: LHP Alec Valencia
|
|
|
Batting: RHB Russ Cornett
|
0-0: Called Strike 0-1: Ball 1-1: Ball 2-1: Fly out, F8 (Flyball, 8RD, EV 96.9 MPH)
|
|
Batting: SHB Alfie Bungledorf
|
0-0: Foul Ball, location: 2F 0-1: Fly out, F8 (Flyball, 8LD, EV 80.6 MPH)
|
|
Batting: RHB Will Washburn
|
0-0: Ball 1-0: Ball 2-0: Ball 3-0: Called Strike 3-1: Foul Ball, location: 2F 3-2: Base on Balls
|
|
Batting: RHB Adan Lake
|
0-0: Ball 1-0: Fly out, F4 (Popup, 3S, EV 83.1 MPH)
|
| Top of the 1st over - 0 runs, 0 hits, 0 errors, 1 left on base; Chicago (NYP) 0 - Mahoning Valley 0 |
| BOTTOM OF THE 1ST |
|
Mahoning Valley Scrappers batting - Pitching for Chicago (NYP) White Sox : RHP Joe Schuler
|
|
Pitching: RHP Joe Schuler
|
|
|
Batting: RHB Kenzo Shinoda
|
0-0: Called Strike 0-1: Fly out, F6 (Popup, 6, EV 55.0 MPH)
|
|
Batting: RHB John Bianconi
|
0-0: Ball 1-0: Ball 2-0: Foul Ball, location: 2F 2-1: Ground out 4-3 (Groundball, 4M, EV 107.5 MPH)
|
|
Batting: LHB Shane Montalvo
|
0-0: Ball 1-0: Called Strike 1-1: TRIPLE (Flyball, 9LD, EV 97.5 MPH)
|
|
Batting: SHB Travis Burnett
|
0-0: SINGLE (Line Drive, 7LS, EV 100.0 MPH) Shane Montalvo scores
|
|
Batting: RHB Andy Lewis
|
0-0: Ball 1-0: Ball 2-0: Fly out, F8 (Line Drive, 8LD, EV 85.0 MPH)
|
| Bottom of the 1st over - 1 run, 2 hits, 0 errors, 1 left on base; Chicago (NYP) 0 - Mahoning Valley 1 |
| TOP OF THE 2ND |
|
Chicago (NYP) White Sox batting - Pitching for Mahoning Valley Scrappers : LHP Alec Valencia
|
|
Batting: LHB Joe Kirkland
|
0-0: Ball 1-0: Ball 2-0: Swinging Strike 2-1: Ball 3-1: Called Strike 3-2: Foul Ball, location: 2F 3-2: Foul Ball, location: 2F 3-2: Foul Ball, location: 2F 3-2: Fly out, F8 (Flyball, 8RD, EV 96.2 MPH)
|
|
Batting: LHB Adam Tarbutton
|
0-0: Called Strike 0-1: SINGLE (Flyball, 4D, EV 89.4 MPH)
|
|
Batting: SHB Curtis Thompson
|
0-0: Fly out, F5 (Line Drive, 5, EV 63.1 MPH)
|
|
Batting: RHB Alex Belton
|
0-0: Called Strike Adam Tarbutton steals 2nd base 0-1: Ball 1-1: Ball 2-1: Swinging Strike 2-2: Ball 3-2: Foul Ball, location: 2F 3-2: Strikes out swinging
|
| Top of the 2nd over - 0 runs, 1 hit, 0 errors, 1 left on base; Chicago (NYP) 0 - Mahoning Valley 1 |
| BOTTOM OF THE 2ND |
|
Mahoning Valley Scrappers batting - Pitching for Chicago (NYP) White Sox : RHP Joe Schuler
|
|
Batting: RHB Ricky Cordova
|
0-0: Called Strike 0-1: Ball 1-1: Ground out 5-3 (Groundball, 56, EV 102.5 MPH)
|
|
Batting: LHB Esteban Cordova
|
0-0: Called Strike 0-1: Swinging Strike 0-2: Ball 1-2: Ball 2-2: Strikes out looking
|
|
Batting: RHB Anibal Casteles
|
0-0: Foul Ball, location: 2F 0-1: Foul Ball, location: 2F 0-2: Ground out 5-3 (Groundball, 56, EV 85.6 MPH)
|
| Bottom of the 2nd over - 0 runs, 0 hits, 0 errors, 0 left on base; Chicago (NYP) 0 - Mahoning Valley 1 |
| TOP OF THE 3RD |
|
Chicago (NYP) White Sox batting - Pitching for Mahoning Valley Scrappers : LHP Alec Valencia
|
|
Batting: RHB Ioan Biros
|
0-0: Called Strike 0-1: Ball 1-1: Ball 2-1: Called Strike 2-2: Strikes out swinging
|
|
Batting: RHB Russ Cornett
|
0-0: Ball 1-0: SINGLE (Groundball, 56S, EV 75.0 MPH) (infield hit)
|
|
Batting: SHB Alfie Bungledorf
|
0-0: Foul Ball, location: 2F 0-1: Fly out, F8 (Flyball, 8LM, EV 96.2 MPH)
|
|
Batting: RHB Will Washburn
|
0-0: Ball 1-0: Called Strike 1-1: Ball Pickoff Throw to First - Out! 1-3
|
| Top of the 3rd over - 0 runs, 1 hit, 0 errors, 0 left on base; Chicago (NYP) 0 - Mahoning Valley 1 |
| BOTTOM OF THE 3RD |
|
Mahoning Valley Scrappers batting - Pitching for Chicago (NYP) White Sox : RHP Joe Schuler
|
|
Batting: RHB Luis Roman
|
0-0: Ball 1-0: Foul Ball, location: 2F 1-1: Swinging Strike 1-2: Strikes out swinging
|
|
Batting: RHB Kenzo Shinoda
|
0-0: Swinging Strike 0-1: Ball 1-1: Ball 2-1: Ball 3-1: Ground out 4-3 (Groundball, 4, EV 89.4 MPH)
|
|
Batting: RHB John Bianconi
|
0-0: TRIPLE (Line Drive, 89XD, EV 107.5 MPH)
|
|
Batting: LHB Shane Montalvo
|
0-0: Fly out, F3 (Line Drive, 3L, EV 66.2 MPH)
|
| Bottom of the 3rd over - 0 runs, 1 hit, 0 errors, 1 left on base; Chicago (NYP) 0 - Mahoning Valley 1 |
| TOP OF THE 4TH |
|
Chicago (NYP) White Sox batting - Pitching for Mahoning Valley Scrappers : LHP Alec Valencia
|
|
Batting: RHB Will Washburn
|
0-0: Ball 1-0: Swinging Strike 1-1: Ground out 5-3 (Groundball, 56, EV 90.0 MPH)
|
|
Batting: RHB Adan Lake
|
0-0: Fly out, F9 (Line Drive, 9S, EV 86.9 MPH)
|
|
Batting: LHB Joe Kirkland
|
0-0: Ball 1-0: Swinging Strike 1-1: Fly out, F7 (Flyball, 7D, EV 99.4 MPH)
|
| Top of the 4th over - 0 runs, 0 hits, 0 errors, 0 left on base; Chicago (NYP) 0 - Mahoning Valley 1 |
| BOTTOM OF THE 4TH |
|
Mahoning Valley Scrappers batting - Pitching for Chicago (NYP) White Sox : RHP Joe Schuler
|
|
Batting: SHB Travis Burnett
|
0-0: Ball 1-0: TRIPLE (Line Drive, 89XD, EV 105.0 MPH)
|
|
Batting: RHB Andy Lewis
|
0-0: Ball 1-0: Called Strike 1-1: Ground out U3 (Groundball, 34S, EV 85.0 MPH) Travis Burnett scores
|
|
Batting: RHB Ricky Cordova
|
0-0: Ball 1-0: Ball 2-0: Ball 3-0: Base on Balls
|
|
Batting: LHB Esteban Cordova
|
0-0: Called Strike Ricky Cordova steals 2nd base (no throw) 0-1: Swinging Strike 0-2: Ball 1-2: Strikes out looking
|
|
Batting: RHB Anibal Casteles
|
0-0: Ball 1-0: Ball 2-0: Fly out, F9 (Flyball, 89M, EV 90.0 MPH)
|
| Bottom of the 4th over - 1 run, 1 hit, 0 errors, 1 left on base; Chicago (NYP) 0 - Mahoning Valley 2 |
| TOP OF THE 5TH |
|
Chicago (NYP) White Sox batting - Pitching for Mahoning Valley Scrappers : LHP Alec Valencia
|
|
Batting: LHB Adam Tarbutton
|
0-0: Called Strike 0-1: Ball 1-1: Ball 2-1: Swinging Strike 2-2: Ground out U3 (Groundball, 34S, EV 88.8 MPH)
|
|
Batting: SHB Curtis Thompson
|
0-0: Ball 1-0: Called Strike 1-1: Ball 2-1: Foul Ball, location: 2F 2-2: Ball 3-2: Base on Balls
|
|
Batting: RHB Alex Belton
|
0-0: Ball 1-0: Ball 2-0: Ball 3-0: Called Strike 3-1: Called Strike 3-2: Foul Ball, location: 2F 3-2: Reached on error, E5 (Groundball, 56, EV 80.6 MPH) Curtis Thompson to second
|
|
Batting: RHB Ioan Biros
|
0-0: Ball 1-0: Called Strike 1-1: Ball 2-1: Fly out, F6 (Line Drive, 6, EV 70.6 MPH)
|
|
Batting: RHB Russ Cornett
|
0-0: Ball 1-0: Ball 2-0: Foul Ball, location: 2F 2-1: Foul Ball, location: 2F 2-2: Fly out, F8 (Flyball, 8LD, EV 107.5 MPH)
|
| Top of the 5th over - 0 runs, 0 hits, 1 error, 2 left on base; Chicago (NYP) 0 - Mahoning Valley 2 |
| BOTTOM OF THE 5TH |
|
Mahoning Valley Scrappers batting - Pitching for Chicago (NYP) White Sox : RHP Joe Schuler
|
|
Batting: RHB Luis Roman
|
0-0: Ball 1-0: Ball 2-0: Ground out 6-3 (Groundball, 6, EV 107.5 MPH)
|
|
Batting: RHB Kenzo Shinoda
|
0-0: Foul Ball, location: 2F 0-1: Ball 1-1: DOUBLE (Line Drive, 7LM, EV 94.4 MPH)
|
|
Batting: RHB John Bianconi
|
0-0: Swinging Strike 0-1: SINGLE (Line Drive, 56D, EV 105.0 MPH) Kenzo Shinoda to third Runner from 3rd tries for Home, SAFE, throw by LF to home
|
|
Batting: LHB Shane Montalvo
|
0-0: SINGLE (Line Drive, 4MD, EV 106.9 MPH) John Bianconi to second
|
|
Batting: SHB Travis Burnett
|
0-0: Swinging Strike 0-1: Ball 1-1: Ball 2-1: SINGLE (Line Drive, 6M, EV 105.0 MPH) John Bianconi to third Shane Montalvo to second
|
|
Batting: RHB Andy Lewis
|
0-0: Called Strike 0-1: Ball 1-1: Called Strike 1-2: Fly out, F9 (Flyball, 9S, EV 95.6 MPH)
|
|
Batting: RHB Ricky Cordova
|
0-0: Called Strike 0-1: Ball 1-1: Ground out 6-3 (Groundball, 6S, EV 91.9 MPH)
|
| Bottom of the 5th over - 1 run, 4 hits, 0 errors, 3 left on base; Chicago (NYP) 0 - Mahoning Valley 3 |
| TOP OF THE 6TH |
|
Chicago (NYP) White Sox batting - Pitching for Mahoning Valley Scrappers : LHP Alec Valencia
|
|
Pitching: RHP Bill Snyder
|
|
|
Batting: SHB Alfie Bungledorf
|
0-0: Ground out 4-3 (Groundball, 4, EV 88.1 MPH)
|
|
Batting: RHB Will Washburn
|
0-0: Foul Ball, location: 2F 0-1: Ground out 6-3 (Groundball, 6, EV 87.5 MPH)
|
|
Batting: RHB Adan Lake
|
0-0: SINGLE (Groundball, 6MD, EV 97.5 MPH)
|
|
Batting: LHB Joe Kirkland
|
0-0: Ball 1-0: Swinging Strike 1-1: Called Strike 1-2: Ball 2-2: Strikes out looking
|
| Top of the 6th over - 0 runs, 1 hit, 0 errors, 1 left on base; Chicago (NYP) 0 - Mahoning Valley 3 |
| BOTTOM OF THE 6TH |
|
Mahoning Valley Scrappers batting - Pitching for Chicago (NYP) White Sox : RHP Joe Schuler
|
|
Batting: LHB Esteban Cordova
|
0-0: Ball 1-0: Ball 2-0: Called Strike 2-1: Ball 3-1: Base on Balls
|
|
Batting: RHB Anibal Casteles
|
0-0: Ball 1-0: Called Strike 1-1: Foul Ball, location: 2F 1-2: Strikes out swinging
|
|
Pitching: RHP Bryan Paiva
|
|
|
Batting: RHB Luis Roman
|
0-0: Called Strike 0-1: Ball 1-1: Ball Esteban Cordova steals 2nd base 2-1: Foul Ball, location: 2F 2-2: Strikes out swinging
|
|
Batting: RHB Kenzo Shinoda
|
0-0: Called Strike 0-1: Foul Ball, location: 2F 0-2: Ball 1-2: Strikes out swinging
|
| Bottom of the 6th over - 0 runs, 0 hits, 0 errors, 1 left on base; Chicago (NYP) 0 - Mahoning Valley 3 |
| TOP OF THE 7TH |
|
Chicago (NYP) White Sox batting - Pitching for Mahoning Valley Scrappers : RHP Bill Snyder
|
|
Batting: LHB Adam Tarbutton
|
0-0: Ball 1-0: Called Strike 1-1: Called Strike 1-2: Foul Ball, location: 2F 1-2: Ball 2-2: Ball 3-2: Fly out, F8 (Flyball, 8RM, EV 91.2 MPH)
|
|
Batting: SHB Curtis Thompson
|
0-0: Foul Ball, location: 2F 0-1: Ball 1-1: Ball 2-1: Swinging Strike 2-2: Ball 3-2: SINGLE (Line Drive, 34, EV 106.9 MPH)
|
|
Batting: RHB Alex Belton
|
0-0: Foul Ball, location: 2F 0-1: Reached on error, E6 (Groundball, 6S, EV 65.0 MPH) Curtis Thompson to third
|
|
Batting: RHB Ioan Biros
|
0-0: Ground out 6-3 (Groundball, 56, EV 86.2 MPH) Curtis Thompson scores
|
|
Pinch Hitting: LHB James Groshong
|
0-0: Ball 1-0: Ball 2-0: Foul Ball, location: 2F 2-1: Ground out 5-3 (Groundball, 5L, EV 86.2 MPH)
|
| Top of the 7th over - 1 run, 1 hit, 1 error, 1 left on base; Chicago (NYP) 1 - Mahoning Valley 3 |
| BOTTOM OF THE 7TH |
|
Mahoning Valley Scrappers batting - Pitching for Chicago (NYP) White Sox : RHP Bryan Paiva
|
|
Now at 3B: Tim Connell
|
|
|
Batting: RHB John Bianconi
|
0-0: Ball 1-0: Called Strike 1-1: Ball 2-1: Foul Ball, location: 2F 2-2: Fly out, F4 (Popup, 4S, EV 74.4 MPH)
|
|
Batting: LHB Shane Montalvo
|
0-0: Swinging Strike 0-1: Foul Ball, location: 2F 0-2: DOUBLE (Flyball, 78D, EV 104.4 MPH)
|
|
Batting: SHB Travis Burnett
|
0-0: Ball 1-0: Swinging Strike 1-1: Swinging Strike 1-2: Foul Ball, location: 2F 1-2: Ball 2-2: Ball 3-2: Base on Balls
|
|
Batting: RHB Andy Lewis
|
0-0: Called Strike 0-1: Ball 1-1: Ball 2-1: Foul Ball, location: 2F 2-2: Ball 3-2: Strikes out swinging
|
|
Batting: RHB Ricky Cordova
|
0-0: Ball 1-0: Called Strike 1-1: Swinging Strike 1-2: Hit by Pitch Shane Montalvo to third Travis Burnett to second
|
|
Batting: LHB Esteban Cordova
|
0-0: Ball 1-0: Called Strike 1-1: Swinging Strike 1-2: Strikes out swinging
|
| Bottom of the 7th over - 0 runs, 1 hit, 0 errors, 3 left on base; Chicago (NYP) 1 - Mahoning Valley 3 |
| TOP OF THE 8TH |
|
Chicago (NYP) White Sox batting - Pitching for Mahoning Valley Scrappers : RHP Bill Snyder
|
|
Batting: SHB Alfie Bungledorf
|
0-0: Foul Ball, location: 2F 0-1: Foul Ball, location: 2F 0-2: Foul Ball, location: 2F 0-2: Ball 1-2: Ground out 4-3 (Groundball, 4MS, EV 81.9 MPH)
|
|
Pitching: RHP Ian Nordquist
|
|
|
Batting: RHB Will Washburn
|
0-0: Foul Ball, location: 2F 0-1: Ball 1-1: Ball 2-1: Ball 3-1: Swinging Strike 3-2: Base on Balls
|
|
Batting: RHB Adan Lake
|
0-0: Called Strike 0-1: Ball 1-1: Ball 2-1: Called Strike 2-2: Fly out, F7 (Flyball, 7, EV 82.5 MPH)
|
|
Batting: LHB Joe Kirkland
|
0-0: Ball 1-0: Called Strike 1-1: SINGLE (Line Drive, 78S, EV 89.4 MPH) Will Washburn to second
|
|
Batting: LHB Adam Tarbutton
|
0-0: Ball 1-0: Foul Ball, location: 2F 1-1: Ball 2-1: Ball 3-1: Foul Ball, location: 2F 3-2: Base on Balls Will Washburn to third Joe Kirkland to second
|
|
Pitching: RHP Chris Cohen
|
|
|
Batting: SHB Curtis Thompson
|
0-0: Ball 1-0: Ball 2-0: Ball Passed Ball! Will Washburn scores Joe Kirkland to third Adam Tarbutton to second 3-0: Base on Balls
|
|
Batting: RHB Alex Belton
|
0-0: Foul Ball, location: 2F 0-1: SINGLE (Groundball, 4M, EV 100.0 MPH) (infield hit) Joe Kirkland scores Adam Tarbutton to third Curtis Thompson to second
|
|
Pinch Hitting: RHB Scott Schwartz
|
0-0: Ball 1-0: Ball 2-0: Called Strike 2-1: Swinging Strike 2-2: Ground out 4-3 (Groundball, 4, EV 106.9 MPH)
|
| Top of the 8th over - 2 runs, 2 hits, 0 errors, 3 left on base; Chicago (NYP) 3 - Mahoning Valley 3 |
| BOTTOM OF THE 8TH |
|
Mahoning Valley Scrappers batting - Pitching for Chicago (NYP) White Sox : RHP Bryan Paiva
|
|
Pitching: LHP Miguel Moreno
|
|
|
Now at C: Curtis Thompson
|
|
|
Now at 2B: Scott Schwartz
|
|
|
Batting: RHB Anibal Casteles
|
0-0: Ball 1-0: Ball 2-0: Ball 3-0: Base on Balls
|
|
Batting: RHB Luis Roman
|
0-0: Called Strike 0-1: Foul Ball, location: 2F 0-2: Strikes out swinging
|
|
Batting: RHB Kenzo Shinoda
|
0-0: Ball 1-0: Foul Ball, location: 2F 1-1: Grounds into double play, 6-4-3 (Groundball, 6, EV 87.5 MPH)
|
| Bottom of the 8th over - 0 runs, 0 hits, 0 errors, 0 left on base; Chicago (NYP) 3 - Mahoning Valley 3 |
| TOP OF THE 9TH |
|
Chicago (NYP) White Sox batting - Pitching for Mahoning Valley Scrappers : RHP Chris Cohen
|
|
Batting: SHB Tim Connell
|
0-0: Called Strike 0-1: Foul Ball, location: 2F 0-2: Foul Ball, location: 2F 0-2: Ball 1-2: Ground out U3 (Groundball, 34, EV 90.6 MPH)
|
|
Batting: SHB Alfie Bungledorf
|
0-0: Ball 1-0: Swinging Strike 1-1: DOUBLE (Line Drive, 89D, EV 111.9 MPH)
|
|
Batting: RHB Will Washburn
|
0-0: Called Strike Alfie Bungledorf steals 3rd, throwing error, E2 Alfie Bungledorf scores 0-1: Ball 1-1: Swinging Strike 1-2: Fly out, F7 (Line Drive, 7S, EV 96.9 MPH)
|
|
Batting: RHB Adan Lake
|
0-0: Ball 1-0: Ball 2-0: Foul Ball, location: 2F 2-1: Swinging Strike 2-2: Ball 3-2: DOUBLE (Line Drive, 78XD, EV 103.8 MPH)
|
|
Batting: LHB Joe Kirkland
|
0-0: Ball 1-0: SINGLE (Groundball, 4MD, EV 108.1 MPH) Adan Lake to third Runner from 3rd tries for Home, SAFE, throw by CF to home
|
|
Batting: LHB Adam Tarbutton
|
0-0: Called Strike Joe Kirkland steals 2nd base 0-1: Foul Ball, location: 2F 0-2: Ball 1-2: Ball 2-2: Foul Ball, location: 2F 2-2: Ball 3-2: SINGLE (Line Drive, 78S, EV 91.9 MPH) Joe Kirkland to third Runner from 3rd tries for Home, SAFE, throw by LF to home
|
|
Batting: SHB Curtis Thompson
|
0-0: Called Strike 0-1: Ball Adam Tarbutton steals 2nd base 1-1: Ball 2-1: DOUBLE (Line Drive, 9LS, EV 96.9 MPH) Adam Tarbutton scores
|
|
Batting: RHB Alex Belton
|
0-0: Ball Wild Pitch! Curtis Thompson to third 1-0: Ball 2-0: Ball 3-0: Base on Balls
|
|
Batting: RHB Scott Schwartz
|
0-0: Ball 1-0: Ball 2-0: Foul Ball, location: 2F 2-1: Foul Ball, location: 2F 2-2: Foul Ball, location: 2F 2-2: Ball 3-2: Base on Balls Alex Belton to second
|
|
Batting: SHB Tim Connell
|
0-0: Ball 1-0: Ball 2-0: Ball Passed Ball! Curtis Thompson scores Alex Belton to third Scott Schwartz to second 3-0: Called Strike 3-1: Foul Ball, location: 2F 3-2: Base on Balls
|
|
Batting: SHB Alfie Bungledorf
|
0-0: Ground out 3-1 (Groundball, 34, EV 103.8 MPH)
|
| Top of the 9th over - 5 runs, 5 hits, 1 error, 3 left on base; Chicago (NYP) 8 - Mahoning Valley 3 |
| BOTTOM OF THE 9TH |
|
Mahoning Valley Scrappers batting - Pitching for Chicago (NYP) White Sox : LHP Miguel Moreno
|
|
Batting: RHB John Bianconi
|
0-0: Ground out 4-3 (Groundball, 4, EV 84.4 MPH)
|
|
Batting: LHB Shane Montalvo
|
0-0: Fly out, F7 (Line Drive, 7, EV 93.1 MPH)
|
|
Batting: SHB Travis Burnett
|
0-0: Ball 1-0: Called Strike 1-1: Foul Ball, location: 2F 1-2: Ground out 5-3 (Groundball, 56S, EV 87.5 MPH)
|
| Bottom of the 9th over - 0 runs, 0 hits, 0 errors, 0 left on base; Chicago (NYP) 8 - Mahoning Valley 3 |
|